 Dungeon Crawl Stone Soup version 0.32-a0-747-gc8563f6773 (webtiles) character file.

Game seed: 11897316329073434905

245 jasper the Ruffian (level 6, -2/43 HPs)
             Began as an Octopode Fighter on Mar 17, 2024.
             Slain by Pikel
             ... wielding a +0 whip of freezing
              (5 damage)
             ... on level 3 of the Dungeon.
             The game lasted 00:05:51 (3006 turns).

jasper the Ruffian (Octopode Fighter)               Turns: 3006, Time: 00:05:52

Health: -2/43      AC:  1    Str: 16    XL:     6   Next: 10%
Magic:  6/6        EV: 12    Int: 10    God:
Gold:   201        SH:  5    Dex: 13    Spells: 5/5 levels left

rFire   . .          .
                       - Unarmed
rCold   . . .        a - +1 buckler
rNeg    . . .        (helmet restricted)
rPois   .            (no amulet)
rElec   .            (no ring)
rCorr   .            (no ring)
SInv    .            (no ring)
Will    .....        (no ring)
Stlth   +++          (no ring)
HPRegen 0.27/turn    (no ring)
MPRegen 0.10/turn    (no ring)
                     (no ring)

%: no passive effects
@: no status effects
A: almost no armour, amphibious, 8 rings, camouflage 1, gelatinous body 1,
(nimble swimmer 1), tentacles
a: no special abilities


You were on level 3 of the Dungeon.
You visited 1 branch of the dungeon, and saw 4 of its levels.

You collected 201 gold pieces.

Inventory:

Missiles
 d - 43 stones (quivered)
 g - 7 poisoned darts
 m - a throwing net
Armour
 a - a +1 buckler (worn)
 f - an orb of guile
Talismans
 j - a flux talisman
Scrolls
 i - a scroll of teleportation
 k - a scroll of fog
 n - 2 scrolls of summoning
 o - 2 scrolls of enchant weapon
Potions
 e - a potion of haste
 l - a potion of mutation {unknown}
 p - a potion of attraction {unknown}


   Skills:
 + Level 4.0 Fighting
 - Level 3.0 Dodging
 - Level 1.9 Stealth
 + Level 4.0 Shields
 * Level 4.5 Unarmed Combat


You had 5 spell levels left.
You didn't know any spells.
Your spell library contained the following spells:

 Spells                   Type           Power      Damage    Failure   Level
 Sting                    Conj/Alch      0%         1d3       43%         1
 Mercury Vapours          Alch/Air       0%         N/A       58%         2
 Stone Arrow              Conj/Erth      0%         3d7       82%         3
 Olgreb's Toxic Radiance  Alch           0%         N/A       99%         4
 Lehudib's Crystal Spear  Conj/Erth      0%         10d2      100%        8
 Animate Armour           Summ/Erth      Unusable   N/A       N/A         4

Dungeon Overview and Level Annotations

Branches:
Dungeon (4/15)
 Temple: D:4-7

Altars:
The Shining One

Annotations:
D:3 Pikel


Innate Abilities, Weirdness & Mutations

You cannot wear most types of armour.
You are amphibious.
You can wear up to eight rings at the same time.
Your skin changes colour to match your surroundings (Stealth+).
Your rubbery body absorbs attacks. (AC +1, EV +1)
((You are camouflaged when in or above water. (Stealth+)))
You have tentacles for arms and can constrict up to eight enemies at once.


Message History

The lemure hits you.
You take 1 damage, and have 13/43 hp.
You miss the lemure. You grab the lemure. You squeeze the lemure.
The lemure is lightly wounded.
You constrict the lemure. The lemure closely misses you.
You tentacle-slap the lemure. You squeeze the lemure.
The lemure is heavily wounded.
You constrict the lemure. The lemure hits you.
* * * LOW HITPOINT WARNING * * *
You take 3 damage, and have 10/43 hp.
You tentacle-slap the lemure.
The lemure is severely wounded.
You constrict the lemure. The lemure misses you.
You tentacle-slap the lemure.
The lemure is almost dead.
You constrict the lemure.
You kill the lemure!
That felt strangely unrewarding.
You start resting.
HP restored.
Health restored: 43 You climb downwards.
Level annotation: Pikel The lemure hits you.
You block Pikel's attack. Pikel barely misses you.
The lemure barely misses you.
There is a stone staircase leading up here.
You take 5 damage, and have 38/43 hp.
The lemure hits you! The lemure barely misses you.
Pikel hits you with a +0 whip of freezing!
Pikel freezes you.
You climb upwards.
There is a stone staircase leading down, spattered with blood here.
You take 17 damage, and have 21/43 hp.
MASSIVE DAMAGE!!
You block the lemure's attack. The lemure hits you.
Pikel attacks as he pursues you!
Pikel hits you with a +0 whip of freezing!
* * * LOW HITPOINT WARNING * * *
Pikel freezes you.
You die...
Pikel says, "Another soul for the market."

#.#.##.#≈≈########.##############
#......#≈≈≈≈#....#.##############
#.##.#.#≈##≈###..................
.....#.###≈≈# #..#####.###.######
##...#.##≈≈≈# #........###.######
~...~..#≈≈≈≈# #..#########.######
~~~~≈~~~≈≈≈≈###.÷# #######.######
~≈~~.~.≈~≈≈≈...5.#########.######
~~.~~~~.≈.≈..##K@...######.######
~≈.~~~~~.~~..##.5##.######.######
.~..~.~......##..##.# #.......
##.###.########..##.# #######.
.......# #..##.# #. ##.#####
#..##.# #. #.# ###.....###### #.
##.# #............# #. ##.#
#.##.#..####.# #.


You could see Pikel and 2 lemures.

Vanquished Creatures
  2 lemures (D:3)
  A bombardier beetle (D:4)
  A hound (D:4)
  A jelly (D:4)
  3 gnolls (D:2)
  5 adders
  4 dart slugs
  3 orcs (D:3)
  5 endoplasms
  6 giant cockroaches
  7 goblins
  8 hobgoblins
  5 quokkas
  5 ball pythons
  3 bats
  7 frilled lizards
  8 kobolds
  4 rats
78 creatures vanquished.

Notes
Turn   | Place    | Note
-------+----------+-------------------------------------------
     0 | D:1      | jasper the Octopode Fighter began the quest for the Orb.
     0 | D:1      | Reached XP level 1. HP: 16/16 MP: 1/1
    44 | D:1      | Reached skill level 1 in Stealth
   106 | D:1      | Reached XP level 2. HP: 21/21 MP: 2/2
   461 | D:1      | Reached XP level 3. HP: 26/26 MP: 3/3
   507 | D:1      | Found a faded altar of an unknown god.
   908 | D:2      | Reached XP level 4. HP: 29/31 MP: 4/4
  1243 | D:2      | Reached XP level 5. HP: 32/36 MP: 5/5
  2623 | D:4      | Reached XP level 6. HP: 7/43 MP: 6/6
  2779 | D:4      | Found a glowing golden altar of the Shining One.
  2786 | D:4      | Noticed Pikel
  3006 | D:3      | Slain by Pikel

Illustrated notes

Levels and vault maps discovered:
D:1:      eino_arrival_water_star, layout_loops_ring,
          shapermc_ecumenical_altar_hornbeckon
D:2:      layout_basic, minmay_split_cup_small
D:3:      layout_loops_ring, serial_bayou, serial_bayou_shore_b,
          serial_bayou_pond_e, serial_bayou_lake_a, serial_bayou_pond_a,
          chequers_serial_rivers_small_b, chequers_serial_rivers_large_a
D:4:      layout_cave_pools, nicolae_uskayaw_dance_hall,
          grunt_temple_overflow_octagram, mainiacjoe_overflow_boulevard,
          serial_glass, glass_columns_a, glass_columns_c, minmay_statues_item,
          minmay_liquid_box, uniq_pikel, uniq_crazy_yiuf_cottage

Skill      XL: |  1  2  3  4  5 |
---------------+----------------+-----
Stealth        | 1 |  1.9
Unarmed Combat | 3 4 |  4.5
Fighting       | 4 |  4.0
Shields        | 4 |  4.0
Dodging        | |  3.0

Action                     |  1- 3 |  4- 6 || total
---------------------------+-------+-------++-------
  Melee: Unarmed           |    71 |    87 ||   158
         Constrict         |    23 |    23 ||    46
         Tentacles         |    13 |    29 ||    42
         Punch             |     2 |     3 ||     5
    Use: Scroll            |     4 |     5 ||     9
         Potion            |       |     3 ||     3
   Stab: Sleeping          |     8 |     8 ||    16
 Armour: Skin              |    20 |    53 ||    73
  Dodge: Dodged            |    27 |    35 ||    62
  Block: Buckler           |    10 |    25 ||    35

Table legend: (Time is in decaauts)
 A = Elapsed time spent in this place.
 B = Non-inter-level travel time spent in this place.
 C = Inter-level travel time spent in this place.
 D = Time resting spent in this place.
 E = Time spent auto-exploring this place.
 F = Levels seen in this place.
 G = Mean time per level.
                   A        B        C        D        E       F      G
               +--------+--------+--------+--------+--------+-----+--------+
         Total |   2986 |   2922 |     64 |    452 |   1736 |   4 |  746.5 |
       Dungeon |   2986 |   2922 |     64 |    452 |   1736 |   4 |  746.5 |
               +--------+--------+--------+--------+--------+-----+--------+

Top non-repeatable levels by time:
     D:2: 1051 daAuts
     D:3: 917 daAuts
     D:1: 669 daAuts
     D:4: 348 daAuts
